 Dungeon Sprint DCSS version 0.29.0-11-gd7f09526c8 (webtiles) character file.

Game seed: 2048654491109374434

629 Zeld the Cleaver (level 7, -2/70 HPs)
             Began as a Minotaur Berserker on Sept 6, 2022.
             Was a Believer of Trog.
             Slain by a sixfirhy (9 damage)
             ... summoned by a kobold demonologist
             ... while paralysed by a floating eye
             ... in the Dungeon (Sprint I: "Red Sonja").
             The game lasted 00:00:46 (1091 turns).

Zeld the Cleaver (Minotaur Berserker)               Turns: 1091, Time: 00:00:47

Health: -2/70      AC:  2    Str: 23    XL:     7   Next: 23%
Magic:  6/6        EV:  2    Int:  4    God:    Trog [**....]
Gold:   405        SH:  0    Dex: 10    Spells: 6/6 levels left

rFire   . . .      SeeInvis .   a - +0 hand axe
rCold   . . .      Faith    .   (no shield)
rNeg    . . .      Spirit   .   b - +0 animal skin
rPois   .          Reflect  .   (helmet restricted)
rElec   .          Harm     .   (no cloak)
rCorr   .          Rampage  .   (no gloves)
Will    .....      NoTele   +   (no boots)
Stlth   +.........              (no amulet)
HPRegen 0.21/turn               (no ring)
MPRegen 0.10/turn               (no ring)

@: paralysed, on berserk cooldown
A: horns 2, retaliatory headbutt
a: Renounce Religion, Berserk, Trog's Hand


You were in the Dungeon.
You worshipped Trog.
Trog was pleased with you.
You visited 1 branch You collected 405 gold pieces.

Inventory:

Hand Weapons
 a - a +0 hand axe (weapon)
Armour
 b - a +0 animal skin (worn)
Wands
 i - a wand of flame (15)
Scrolls
 h - a scroll of blinking
 k - a scroll of fog {unknown}
Potions
 c - a potion of curing
 d - a potion of heal wounds
 e - a potion of haste
 f - 2 potions of magic
 g - a potion of berserk rage
 j - a potion of brilliance {unknown}


   Skills:
 + Level 9.2 Fighting
 * Level 12.4 Axes
 + Level 8.8 Armour
 + Level 8.0 Dodging


You had 6 spell levels left.
You didn't know any spells.
Your spell library was empty.

Dungeon Overview and Level Annotations

Branches:
Dungeon (1/1)

Altars:
Cheibriados
Dithmenos
Elyvilon
Fedhas
Gozag
Hepliaklqana
Kikubaaqudgha
Makhleb
Nemelex Xobeh
Okawaru
Qazlal
Ru
Sif Muna
Trog
Uskayaw
Vehumet
Wu Jian
Xom
Yredelemnul
Zin
The Shining One
Jiyva
Lugonu

Shops:
D [


Innate Abilities, Weirdness & Mutations

You have a pair of horns on your head.
You reflexively headbutt those who attack you in melee.


Message History

A kobold demonologist and a floating eye come into view.
The kobold demonologist shouts!
The floating eye turns its gaze towards you.
The kobold demonologist mumbles some strange words.
The floating eye's view fixates on you.
A kobold demonologist comes into view. It is wielding a +0 dagger.
The kobold demonologist shouts!
Unknown command.
You're still recovering from your berserk rage.
Okay, then.
You close the door.
You start waiting.
There are monsters nearby!
There are monsters nearby!
You hit the smoke demon but do no damage.
The kobold demonologist gestures wildly while chanting.
You hit the smoke demon but do no damage.
You hit the sixfirhy. The smoke demon hits you.
The smoke demon closely misses you. The smoke demon hits you.
You barely miss the smoke demon. You hit the sixfirhy but do no damage.
The sixfirhy misses you. The sixfirhy hits you. The sixfirhy shocks you!
The kobold demonologist casts a spell.
The smoke demon hits you.
The smoke demon hits you but does no damage. x2
You hit the smoke demon.
The smoke demon is lightly wounded.
You barely miss the sixfirhy. The sixfirhy hits you. The sixfirhy shocks you!
The sixfirhy hits you!
* * * LOW HITPOINT WARNING * * *
The sixfirhy shocks you!
* * * LOW HITPOINT WARNING * * *
The sixfirhy misses you. You furiously retaliate!
You headbutt the sixfirhy.
The kobold demonologist mumbles some strange words.
The kobold demonologist looks encouraged for a moment.
The floating eye gazes piercingly through you!
You suddenly lose the ability to move!
The sixfirhy hits you.
* * * LOW HITPOINT WARNING * * *
The sixfirhy shocks you!
You die...

######################
..)..#..'..#__#.@3KG5#
..#..').#..'..'.3#K55#
####'#####'#__#### 55+
###..#...#.#### ##
__####..##[#
_____##'#_.+
_.∩...'..._#
_..__##_.#'#
_____###+#.#


You could see 2 kobold demonologists, a sixfirhy (summoned), a smoke demon
(summoned), a floating eye, a quasit (summoned), 3 crimson imps and a white imp
(summoned).

Vanquished Creatures
  A slime creature (D)
  Sigmund (D)
  A yak (D)
  An ogre (D)
  A jelly (D)
  Ijyb (D)
6 creatures vanquished.

Notes
Turn   | Place    | Note
-------+----------+-------------------------------------------
     0 | D        | Zeld the Minotaur Berserker began the quest for the Orb.
     0 | D        | Reached XP level 1. HP: 19/19 MP: 0/0
     1 | D        | Noticed Ijyb
    12 | D        | Killed Ijyb
    13 | D        | Reached skill level 5 in Axes
    13 | D        | Reached XP level 2. HP: 18/28 MP: 1/1
   285 | D        | Noticed an ogre
   287 | D        | Killed an ogre
   288 | D        | Reached skill level 7 in Axes
   288 | D        | Reached skill level 5 in Armour
   288 | D        | Reached XP level 3. HP: 37/37 MP: 2/2
   288 | D        | Reached XP level 4. HP: 44/44 MP: 3/3
   439 | D        | Noticed Sigmund
   449 | D        | Killed Sigmund
   449 | D        | Reached ** piety under Trog
   450 | D        | Reached skill level 10 in Axes
   450 | D        | Reached XP level 5. HP: 52/52 MP: 4/4
   691 | D        | Found an ornate altar of the Wu Jian Council.
   691 | D        | Found a shimmering blue altar of Sif Muna.
   693 | D        | Found a radiant altar of Vehumet.
   696 | D        | Reached XP level 6. HP: 61/61 MP: 5/5
   846 | D        | Found Eklurreq's Armour Emporium.
   846 | D        | Found an ancient bone altar of Kikubaaqudgha.
   846 | D        | Found a hazy altar of Hepliaklqana.
   846 | D        | Found a stormy altar of Qazlal.
   846 | D        | Found a hide-covered altar of Uskayaw.
   846 | D        | Found a blossoming altar of Fedhas.
   846 | D        | Found a bloodstained altar of Trog.
   846 | D        | Found an iron altar of Okawaru.
   846 | D        | Found a basalt altar of Yredelemnul.
   846 | D        | Found a glowing golden altar of the Shining One.
   846 | D        | Found a snail-covered altar of Cheibriados.
   846 | D        | Found a sacrificial altar of Ru.
   846 | D        | Found a glowing silver altar of Zin.
   846 | D        | Found a shadowy altar of Dithmenos.
   846 | D        | Found a white marble altar of Elyvilon.
   846 | D        | Noticed a yak
   852 | D        | Killed a yak
   853 | D        | Reached skill level 11 in Axes
   853 | D        | Found an opulent altar of Gozag.
   854 | D        | Found a sparkling altar of Nemelex Xobeh.
  1041 | D        | Found a burning altar of Makhleb.
  1041 | D        | Found a viscous altar of Jiyva.
  1041 | D        | Found a shimmering altar of Xom.
  1041 | D        | Found a corrupted altar of Lugonu.
  1041 | D        | Noticed a slime creature
  1047 | D        | Killed a slime creature
  1048 | D        | Reached skill level 12 in Axes
  1048 | D        | Reached XP level 7. HP: 70/70 MP: 6/6
  1084 | D        | Noticed a kobold demonologist
  1084 | D        | Noticed a kobold demonologist
  1085 | D        | Noticed a smoke demon
  1088 | D        | Noticed a sixfirhy
  1090 | D        | Paralysed by a floating eye for 3 turns
  1091 | D        | Slain by a sixfirhy

Illustrated notes

Levels and vault maps discovered:
D:        dungeon_sprint_1 [red_sonja_temple_1, red_sonja_temple_small_1]

Skill      XL: |  1  2  3  4  5  6 |
---------------+-------------------+-----
Fighting       | 4 6 7 9 |  9.2
Axes           | 5 7 10 12 | 12.4
Armour         | 3 5 7 8 |  8.8
Dodging        | 3 4 6 8 |  8.0

Action                   |  1- 3 |  4- 6 |  7- 9 || total
-------------------------+-------+-------+-------++-------
Melee: Hand axe          |    10 |    19 |     4 ||    33
       Headbutt          |     1 |     5 |       ||     6
       Punch             |       |     1 |       ||     1
Invok: Berserk           |     2 |     4 |       ||     6
Armor: Animal skin       |       |     2 |     2 ||     4
Dodge: Dodged            |     4 |     4 |     3 ||    11
